AoeStats
← XezkitoDelFlow

Arena

510439310Analyzed
3v3 RM · 21h ago on Oct 1, 2026· 50m 6s· 6 players
Game mode
Random Map
Map size
Normal (6 player)
Population
200
Speed
Normal
Resources
Standard
Victory
Conquest
Starting age
Dark Age
Ending age
Imperial Age
RankedLock teamsTeams togetherTeam positionsShared explorationLock speedFull tech treeHidden civsTurbo modeCheats
Victory
Defeat
🇺🇸 Teutons · United States
991
+14
🇺🇸 Spanish · United States
970
+14
🇺🇸 Britons · United States
963
+14
🇨🇱 Bohemians · Chile
941
-14
🇨🇱 Bulgarians · Chile
941
-14
🇨🇱 Turks · Chile
940
-14
Rodrigo Da Silva
12:45 Feudal Age
13:35 Loom
14:28 Wheelbarrow
15:25 Horse Collar
15:32 Double-Bit Axe
20:32 Fletching
20:43 Padded Archer Armor
28:42 Castle Age
29:11 Elite Skirmisher
29:16 Crossbowman
29:55 Bodkin Arrow
30:16 Leather Archer Armor
32:20 Hand Cart
32:12 Pikeman
32:54 Squires
35:51 Heavy Plow
36:33 Bow Saw
38:07 Scale Barding Armor
41:09 Scale Mail Armor
42:33 Caravan
43:29 Arson
43:58 Forging
48:20 Iron Casting
48:23 Chain Mail Armor
XezkitoDelFlow
2:25 Loom
14:13 Feudal Age
15:19 Arson
16:30 Horse Collar
16:37 Double-Bit Axe
19:02 Wheelbarrow
22:34 Castle Age
24:51 Scale Mail Armor
25:10 Forging
25:09 Squires
24:57 Gambesons
24:43 Elite Skirmisher
28:47 Chain Mail Armor
29:08 Iron Casting
39:02 Imperial Age
37:46 Heavy Plow
38:27 Pikeman
40:57 Plate Mail Armor
40:24 Gold Mining
40:26 Stone Mining
40:55 Halberdier
43:57 Blast Furnace
45:25 Hand Cart
! benjA -
11:54 Feudal Age
15:58 Castle Age
22:25 Imperial Age
20:14 Gold Mining
20:25 Double-Bit Axe
21:58 Gold Shaft Mining
34:38 Horse Collar
36:04 Loom
39:16 Wheelbarrow
39:26 Bow Saw
39:48 Stone Mining
47:38 Hand Cart
49:29 Squires
49:14 Arson
48:51 Man-at-Arms
49:49 Forging
49:39 Scale Mail Armor
49:51 Scale Barding Armor
49:36 Fletching
49:46 Padded Archer Armor
X SaLtEdTlTs X
10:17 Feudal Age
15:52 Castle Age
14:22 Double-Bit Axe
14:34 Gold Mining
14:29 Horse Collar
24:23 Crossbowman
47:52 Bow Saw
52:19 Imperial Age
X SaLtEdDiZzY X
11:02 Feudal Age
9:49 Loom
15:12 Castle Age
13:16 Double-Bit Axe
13:51 Horse Collar
16:02 Wheelbarrow
16:50 Bow Saw
19:16 Arson
20:54 Gold Mining
23:09 Hand Cart
22:53 Town Watch
23:51 Bloodlines
29:06 Forging
29:47 Scale Barding Armor
34:05 Imperial Age
33:14 Iron Casting
34:13 Fortified Wall
34:30 Chain Barding Armor
34:12 Cavalier
36:09 Plate Barding Armor
38:43 Conscription
38:36 Fletching
39:52 Chemistry
39:27 Paladin
39:33 Paladin
41:39 Blast Furnace
40:43 Caravan
41:23 Stone Mining
41:36 Heavy Plow
42:42 Coinage
42:45 Bodkin Arrow
43:27 Crenellations
X SaLtEdNuTs X
10:40 Feudal Age
14:35 Castle Age
13:29 Double-Bit Axe
13:27 Horse Collar
15:13 Wheelbarrow
15:59 Bow Saw
22:35 Heavy Plow
25:53 Forging
25:49 Scale Barding Armor
26:44 Hand Cart
29:11 Iron Casting
28:57 Chain Barding Armor
32:48 Imperial Age
33:08 Cavalier
34:54 Blast Furnace
35:03 Gold Mining
34:50 Light Cavalry
34:56 Light Cavalry
38:22 Elite Skirmisher
39:08 Thumb Ring
38:59 Fletching
39:46 Plate Barding Armor
38:35 Paladin
40:24 Ballistics
41:16 Conscription
41:27 Caravan
42:09 Fortified Wall
42:23 Bodkin Arrow
42:29 Padded Archer Armor
44:47 Husbandry
44:58 Bloodlines
Connection lost

Rejoining the realm…

Still unreachable

The connection could not be restored.

Session expired

The server has moved on; the page needs a fresh start.